 Dungeon Crawl Stone Soup version 0.29.0-4-gdea44cf6ec (webtiles) character file.

Game seed: 6250115429107596934

64 qw the Chopper (level 3, -9/31 HPs)
             Began as a Minotaur Fighter on Sept 4, 2022.
             Mangled by a gnoll
             ... wielding a +0 flail
              (11 damage)
             ... on level 2 of the Dungeon.
             The game lasted 00:00:30 (1361 turns).

qw the Chopper (Minotaur Fighter)                   Turns: 1361, Time: 00:00:30

Health: -9/31      AC:  6    Str: 22    XL:     3   Next: 91%
Magic:  2/2        EV:  9    Int:  5    God:
Gold:   40         SH:  4    Dex:  9    Spells: 2/2 levels left

rFire   . . .      SeeInvis .   Y - +0 war axe
rCold   . . .      Faith    .   c - +0 buckler
rNeg    . . .      Spirit   .   b - +0 scale mail
rPois   .          Reflect  .   (helmet restricted)
rElec   .          Harm     .   (no cloak)
rCorr   .          Rampage  .   (no gloves)
Will    .....                   (no boots)
Stlth   ..........              (no amulet)
HPRegen 0.10/turn               (no ring)
MPRegen 0.08/turn               (no ring)

@: no status effects
A: horns 2, retaliatory headbutt
a: no special abilities


You were on level 2 of the Dungeon.
You visited 1 branch of the dungeon, and saw 2 of its levels.

You collected 40 gold pieces.


Innate Abilities, Weirdness & Mutations

You have a pair of horns on your head.
You reflexively headbutt those who attack you in melee.


   Skills:
 - Level 3.6 Fighting
 - Level 5.0 Axes
 + Level 0.7 Throwing
 - Level 3.6 Armour
 - Level 0.2 Dodging
 - Level 3.6 Shields


You had 2 spell levels left.
You didn't know any spells.
Your spell library was empty.

Inventory:

Hand Weapons
 j - a +0 flail
 Y - a +0 war axe (weapon)
Missiles
 k - 2 javelins (quivered)
Armour
 b - a +0 scale mail (worn)
 c - a +0 buckler (worn)
Scrolls
 i - a scroll of vulnerability {unknown}
Potions
 a - a potion of berserk rage {unknown}
 d - 2 potions of might
 e - a potion of degeneration {unknown}
 f - a potion of resistance
 g - 2 potions of heal wounds {unknown}
 h - a potion of curing {unknown}
 l - a potion of brilliance {unknown}

Dungeon Overview and Level Annotations

Branches:
Dungeon (2/15)

Altars:

Annotations:
D:1 2 transporters


Message History

You open the door.
There is an open door here.
A gnoll comes into view. It is wielding a +0 spear.
The gnoll shouts!
You hear a shout!
Enter note: A gnoll comes into view. It is wielding a +0 flail.
Found 6 gold pieces.
The gnoll shouts!
The gnoll moves out of view.
A gnoll comes into view. It is wielding a +0 club.
1354 ||| Stepping ~*~*~tactically~*~*~ (hiding).
The gnoll moves out of view.
A gnoll comes into view. It is wielding a +0 halberd.
A hobgoblin comes into view.
The gnoll hits you with a +0 spear.
You hit the gnoll.
The gnoll is heavily wounded.
The gnoll hits you with a +0 spear. x2
You barely miss the gnoll.
The gnoll is heavily wounded.
You hit the hobgoblin but do no damage. The hobgoblin hits you.
You closely miss the gnoll. You barely miss the hobgoblin.
You block the gnoll's attack. The hobgoblin completely misses you.
The gnoll hits you but does no damage.
You slash the gnoll!
The gnoll is almost dead.
You hit the hobgoblin.
You kill the hobgoblin!
The gnoll completely misses you.
The gnoll hits you from afar with a +0 spear.
You closely miss the gnoll. Your headbutt misses the gnoll.
The gnoll is almost dead.
You completely miss the gnoll. The gnoll hits you with a +0 flail.
The gnoll hits you from afar with a +0 halberd.
The gnoll hits you with a +0 club.
The gnoll hits you from afar with a +0 spear.
The gnoll barely misses you. The gnoll hits you with a +0 flail!
You die...

....# ....# #.#
....# #.# #####
######.# . #
.......# .. #
.....# ##... #
...# .....# #
#.##g..#.. # ###
########.@.g.....
# #..
....$...#gg.#....
# #.#
#######...#.# . #
#.######.....[#.#
#.##.....##.#.# .
#.....#####.#.#
#. ####....##
#.... .#
........# #.#.#.
# ##.###..#
#.#.#.#


You could see 4 gnolls.

Vanquished Creatures
  3 gnolls (D:2)
  3 dart slugs (D:2)
  4 ball pythons
  3 endoplasms (D:1)
  4 goblins
  3 hobgoblins
  2 bats
  2 kobolds (D:1)
  4 rats
28 creatures vanquished.

Notes
Turn   | Place    | Note
-------+----------+-------------------------------------------
     0 | D:1      | qw the Minotaur Fighter began the quest for the Orb.
     0 | D:1      | Reached XP level 1. HP: 19/19 MP: 0/0
     0 | D:1      | 0 ||| qw: Version: 0.1-a-103-gd6f5d3a
     0 | D:1      | 0 ||| qw: Game counter: 5400
     0 | D:1      | 0 ||| qw: Always use a shield: true
     0 | D:1      | 0 ||| qw: God list: Ru
     0 | D:1      | 0 ||| qw: Allow faded altars: false
     0 | D:1      | 0 ||| qw: Do Orc after D:15 true
     0 | D:1      | 0 ||| qw: Do second Lair branch before Depths: true
     0 | D:1      | 0 ||| qw: Lair rune preference: random
     0 | D:1      | 0 ||| qw: Plans: Normal
     0 | D:1      | 0 ||| PLANNING D:1-11
    36 | D:1      | You fall into a shaft and drop 1 floor!
    44 | D:2      | 44 ||| READING scroll labelled NEURAM AWNOTWOE.
    45 | D:2      | 45 ||| DRINKING 2 murky coppery potions.
   161 | D:1      | 161 ||| Stepping ~*~*~tactically~*~*~ (stealth).
   165 | D:1      | 165 ||| Stepping ~*~*~tactically~*~*~ (stealth).
   193 | D:1      | Reached skill level 3 in Axes
   288 | D:1      | Reached XP level 2. HP: 26/26 MP: 1/1
   469 | D:1      | 469 ||| Stepping ~*~*~tactically~*~*~ (stealth).
   842 | D:1      | 842 ||| READING scroll labelled RYHUCLEODI.
   843 | D:1      | 843 ||| READING scroll labelled VIUHOA APTIOR.
   877 | D:2      | Reached skill level 4 in Axes
   881 | D:2      | HP: 4/24 [gnoll/+1 whip of draining (4)]
   884 | D:2      | Reached XP level 3. HP: 4/29 MP: 2/2
  1145 | D:2      | 1145 ||| DROPPING +0 club.
  1148 | D:2      | 1148 ||| DROPPING +1 whip of draining.
  1149 | D:2      | 1149 ||| DROPPING +0 whip.
  1201 | D:2      | Reached skill level 5 in Axes
  1232 | D:2      | 1232 ||| Stepping ~*~*~tactically~*~*~ (stealth).
  1233 | D:2      | 1233 ||| Stepping ~*~*~tactically~*~*~ (stealth).
  1244 | D:2      | 1244 ||| Stepping ~*~*~tactically~*~*~ (stealth).
  1247 | D:2      | 1247 ||| Stepping ~*~*~tactically~*~*~ (stealth).
  1248 | D:2      | 1248 ||| Stepping ~*~*~tactically~*~*~ (stealth).
  1267 | D:2      | 1267 ||| Stepping ~*~*~tactically~*~*~ (hiding).
  1269 | D:2      | 1269 ||| Stepping ~*~*~tactically~*~*~ (hiding).
  1354 | D:2      | 1354 ||| Stepping ~*~*~tactically~*~*~ (hiding).
  1361 | D:2      | HP: 2/31 [gnoll/+0 spear (6)]
  1361 | D:2      | Mangled by a gnoll

Levels and vault maps discovered:
D:1:      spicycebolla_arrival_transporter_tutorial, layout_basic
D:2:      layout_basic

Skill      XL: |  1  2  3 |
---------------+----------+-----
Axes           | 3 4 5 |  5.0
Fighting       | |  3.6
Throwing       | |  0.7
Armour         | |  3.6
Dodging        | |  0.2
Shields        | |  3.6

Action                   || total
-------------------------++-------
Melee: War axe           ||    52
       Headbutt          ||     8
Throw: Javelin           ||     9
  Use: Scroll            ||     3
       Potion            ||     1
Armor: Scale mail        ||    18
Dodge: Dodged            ||    23
Block: Buckler           ||    10

Table legend:
 A = Non-vault XP
 B = Vault XP
 C = Vault XP percentage of total XP
 D = Non-vault monster count
 E = Vault monster count
 F = Vault count percentage of total count
                 A         B        C        D         E       F
            +---------+---------+-------+---------+---------+-------
      Total |      92 |       0 |   0.0 |      28 |       0 |   0.0
            +---------+---------+-------+---------+---------+-------
        D:1 |      25 |       0 |   0.0 |      14 |       0 |   0.0
        D:2 |      67 |       0 |   0.0 |      14 |       0 |   0.0
            +---------+---------+-------+---------+---------+-------
